 Dungeon Crawl Stone Soup version 0.17.1-2-g5865329 (webtiles) character file.

162 kropeczka the Skirmisher (level 5, 0/42 HPs)
             Began as a Human Fighter on Feb 17, 2016.
             Was an Initiate of Okawaru.
             Succumbed to a worker ant's poison
             ... on level 4 of the Dungeon.
             The game lasted 00:52:57 (2373 turns).

kropeczka the Skirmisher (Human Fighter)            Turns: 2373, Time: 00:52:57

Health: 0/42       AC: 13    Str: 16    XL:     5   Next: 71%
Magic:  5/5        EV:  4    Int:  8    God:    Okawaru [......]
Gold:   66         SH:  9    Dex: 14    Spells: 0 memorised, 4 levels left

rFire  . . .     SeeInvis +     w - +0 rapier
rCold  . . .     Clarity  .     B - +0 chain mail
rNeg   . . .     SustAt   .     c - +0 shield
rPois  .         Gourm    .     i - +2 helmet
rElec  .         Spirit   .     (no cloak)
rCorr  .         Warding  .     s - +0 pair of gloves
rMut   .         Stasis   .     (no boots)
MR     .....                    (no amulet)
Stlth  ..........               (no ring)
                                K - ring of see invisible

@: lethally poisoned (0 -> -3), not resistant to hostile enchantments, extremely
unstealthy
A: no striking features
a: Renounce Religion


You were on level 4 of the Dungeon.
You worshipped Okawaru.
Okawaru was noncommittal.
You were very hungry.

You visited 1 branch of the dungeon, and saw 5 of its levels.

You collected 66 gold pieces.

Inventory:

Hand Weapons
 f - a +0 club
 k - a +0 dagger
 m - a +0 club
 p - a +0 short sword
 w - a +0 rapier (weapon)
 y - a +0 club
 z - a +0 spear
 A - a +0 spear
 C - a +0 spear
 E - a +0 club
 F - a +0 blowgun
 J - a +1 spear of flaming
Missiles
 o - 29 arrows
 v - 17 poisoned needles
Armour
 a - a +0 ring mail
 b - a +0 scale mail
 c - a +0 shield (worn)
 i - a +2 helmet (worn)
 j - a +0 leather armour
 l - a +0 leather armour
 s - a +0 pair of gloves (worn)
 B - a +0 chain mail (worn)
Jewellery
 K - a ring of see invisible (left hand)
Scrolls
 r - a scroll of immolation {unknown}
 u - 4 scrolls of identify {unknown}
 x - a scroll of recharging {unknown}
 G - a scroll of noise {unknown}
 H - a scroll of magic mapping {unknown}
Potions
 d - a potion of might
 g - 2 potions of heal wounds {unknown}
 n - a potion of mutation {unknown}
 q - a potion of haste {unknown}
 t - a potion of agility {unknown}
 I - a potion of curing {unknown}
Comestibles
 e - 4 bread rations
 h - a beef jerky
 D - 3 chunks of flesh


   Skills:
 + Level 3.8 Fighting
 + Level 3.1 Short Blades
 + Level 3.8 Armour
 + Level 1.9 Stealth
 + Level 3.6 Shields


You had 4 spell levels left.
You didn't know any spells.

Dungeon Overview and Level Annotations

Branches:
Dungeon (5/15)
 Temple: D:4-7

Altars:
Ashenzari
Dithmenos
Okawaru
Xom


Message History

You feel sick.
The worker ant bites you but does no damage.
You climb upwards.
* * * LOW HITPOINT WARNING * * *
You feel sick.
There is a stone staircase leading down here.
* * * LOW HITPOINT WARNING * * *
You feel sick. The worker ant completely misses you.
The worker ant barely misses you.
* * * LOW HITPOINT WARNING * * *
You feel sick.
* * * LOW HITPOINT WARNING * * *
You feel sick.
* * * LOW HITPOINT WARNING * * *
You feel sick.
* * * LOW HITPOINT WARNING * * *
You feel sick. The worker ant barely misses you.
* * * LOW HITPOINT WARNING * * *
You feel sick.
You die...

#...........................
##..........#######.##.######
+...........# ..........#
###.##....### #####.#.#.# #
#....####.#..<..#.#.#
#.........#...#...# .
#.##.....#########...######
#........#.a........>......
#####...)#@#######.#.######
+..............#.#
#...##.#########.# #...+....
#†# #...##.### #†# ##+#....
#.# .#.# #.# .#.. #.# .###
#.#


You could see a worker ant.

Vanquished Creatures
  5 adders
  7 gnolls
  A worm (D:2)
  4 giant geckos
  2 orcs (D:4)
  3 goblins
  4 hobgoblins
  2 quokkas
  7 bats
  3 giant newts
  5 kobolds
  3 rats
46 creatures vanquished.

Notes
Turn   | Place    | Note
--------------------------------------------------------------
     0 | D:1      | kropeczka the Human Fighter began the quest for the Orb.
     0 | D:1      | Reached XP level 1. HP: 18/18 MP: 1/1
   377 | D:1      | Reached XP level 2. HP: 24/24 MP: 2/2
   937 | D:2      | Reached XP level 3. HP: 21/29 MP: 3/3
  1430 | D:2      | Reached XP level 4. HP: 30/35 MP: 4/4
  1450 | D:2      | Reached skill level 1 in Stealth
  1586 | D:2      | Found a shadowy altar of Dithmenos.
  1699 | D:2      | Found an iron altar of Okawaru.
  1717 | D:2      | Became a worshipper of Warmaster Okawaru
  1878 | D:3      | Reached XP level 5. HP: 33/41 MP: 5/5
  2129 | D:3      | Found a shattered altar of Ashenzari.
  2248 | D:3      | Found a shimmering altar of Xom.
  2360 | D:5      | Entered Level 5 of the Dungeon
  2367 | D:4      | HP: 2/42 [poisoned by a worker ant]
  2373 | D:4      | Succumbed to a worker ant's poison

Action                   |  1- 3 |  4- 6 || total
-------------------------+-------+-------++-------
Melee: Rapier            |   106 |   154 ||   260
       Blowgun           |       |    40 ||    40
 Fire: Blowgun           |       |     2 ||     2
  Eat: Chunk             |     1 |     3 ||     4
